 Dungeon Crawl Stone Soup version 0.20.1-1-g8b1a95d (webtiles) character file.

1066 equalderp2856 the Chopper (level 8, -5/61 HPs)
             Began as a Mummy Fighter on Oct 23, 2017.
             Slain by Prince Ribbit (9 damage)
             ... on level 4 of the Dungeon.
             The game lasted 00:07:24 (4395 turns).

equalderp2856 the Chopper (Mummy Fighter)           Turns: 4395, Time: 00:07:25

Health: -5/61      AC:  7    Str: 20    XL:     8   Next: 7%
Magic:  8/8        EV:  8    Int:  9    God:
Gold:   365        SH:  9    Dex: 11    Spells: 7/7 levels left

rFire    x . .     SeeInvis .   a - +1 war axe
rCold    + . .     Gourm    .   c - +0 shield
rNeg     + + +     Faith    .   b - +0 scale mail
rPois    ∞         Spirit   .   (no helmet)
rElec    .         Reflect  .   (no cloak)
rCorr    .         Harm     .   (no gloves)
MR       +....     Rnd*Tele +   (no boots)
Stlth    ..........             g - amulet of regeneration
Regen    0.6/turn               f - ring of teleportation (curse)
MPRegen  0.2/turn               (no ring)

@: no status effects
A: no food or potions, fire vulnerability, cold resistance 1, negative energy
resistance 3, torment resistance, unbreathing
a: no special abilities


You were on level 4 of the Dungeon.
You were not hungry.

You visited 1 branch of the dungeon, and saw 5 of its levels.

You collected 365 gold pieces.

Inventory:

Hand Weapons
 a - a +1 war axe (weapon)
Armour
 b - a +0 scale mail (worn)
 c - a +0 shield (worn)
Jewellery
 f - a cursed ring of teleportation (left hand)
 g - an amulet of regeneration (around neck)
Scrolls
 d - a scroll of identify
 e - 2 scrolls of teleportation
 h - a scroll of blinking
 i - a scroll of amnesia
 j - a scroll of enchant weapon
 k - 2 scrolls of remove curse {unknown}
 l - a scroll of fear {unknown}


   Skills:
 + Level 4.3 Fighting
 + Level 5.2 Axes
 + Level 4.3 Armour
 + Level 1.7 Dodging
 + Level 0.1 Stealth
 + Level 4.1 Shields


You had 7 spell levels left.
You didn't know any spells.

Dungeon Overview and Level Annotations

Branches:
Dungeon (5/15)             Temple (0/1) D:4

Altars:

Shops:
D:4 !   D:5 %

Annotations:
D:4 Prince Ribbit
D:5 Ymberto's ghost, novice HOFi


Innate Abilities, Weirdness & Mutations

You do not eat or drink.
Your flesh is vulnerable to fire.
You are immune to poison.
Your flesh is cold resistant. (rC+)
You are immune to negative energy. (rN+++)
You are immune to unholy pain and torment.
You can survive without breathing.


Message History

You closely miss Prince Ribbit. You block Prince Ribbit's attack.
Prince Ribbit hits you!
* * * LOW HITPOINT WARNING * * *
Unknown command.
Ymberto's ghost turns its malevolent gaze towards you.
Prince Ribbit barely misses you.
Prince Ribbit hops awkwardly around.
Prince Ribbit hits you.
* * * LOW HITPOINT WARNING * * *
Prince Ribbit hits you.
* * * LOW HITPOINT WARNING * * *
There is a stone staircase leading up here.
Prince Ribbit hits you.
* * * LOW HITPOINT WARNING * * *
You climb upwards.
The frilled lizard hisses angrily.
There is a stone staircase leading down here.
Prince Ribbit blinks!
Prince Ribbit hits you!
You die...

###.##.#
#.........##..#
#...##.#
########...#####.###.#
##.###..# #.<......#.#
#...#.# ...# #.##
#.......[#.# ###.#..
#.####.# #.......)..#
#.... #.#....#
##.........## ###..
#.#.#### #..........#
#.. ..#.# #.[>..l.(..#
### .##.#
###....F@....# # .#..#
#...######...## #
(..## ##.### #.#..# #
.### ###..# #.##.## #
.# ##...## #####.##..#
# .# #..###
##.....###.# # .# #.##
##(.##### #.###
#####.# #..## #...# #
#...# ##.## ###.###


You could see Prince Ribbit and a frilled lizard.

Vanquished Creatures
  Sigmund (D:5)
  Eustachio (D:5)
  An ogre (D:5)
  2 phantoms
  A centaur (D:4)
  2 centaur skeletons
  An orc wizard (D:3)
  4 orc priests
  An iguana (D:4)
  2 worker ants (D:5)
  5 adders
  An ooze (D:2)
  2 worms
  A dart slug (D:2)
  9 leopard geckos
  10 orcs
  6 bats
  3 giant cockroaches
  9 goblins
  7 hobgoblins
  6 jackals
  7 kobolds
  5 quokkas
  3 ball pythons
  3 frilled lizards
  A quokka skeleton (D:4)
  6 rats
100 creatures vanquished.

Notes
Turn   | Place    | Note
-------+----------+-------------------------------------------
     0 | D:1      | equalderp2856 the Mummy Fighter began the quest for the Orb.
     0 | D:1      | Reached XP level 1. HP: 18/18 MP: 1/1
   344 | D:1      | Reached XP level 2. HP: 24/24 MP: 2/2
   856 | D:1      | Reached skill level 2 in Axes
   914 | D:2      | Reached XP level 3. HP: 29/29 MP: 3/3
  1090 | D:2      | Reached XP level 4. HP: 35/35 MP: 4/4
  1932 | D:3      | Reached skill level 3 in Axes
  2134 | D:3      | Reached XP level 5. HP: 41/41 MP: 5/5
  2314 | D:3      | HP: 1/41 [orc priest/divine providence (16)]
  2317 | D:3      | Reached skill level 1 in Dodging
  2640 | D:4      | Reached XP level 6. HP: 47/47 MP: 6/6
  2867 | D:4      | Found Cisugebb's Distillery.
  2879 | D:4      | Reached skill level 4 in Axes
  3087 | D:4      | Found a staircase to the Ecumenical Temple.
  3172 | D:5      | Entered Level 5 of the Dungeon
  3241 | D:5      | Noticed Sigmund
  3255 | D:5      | Killed Sigmund
  3255 | D:5      | Reached XP level 7. HP: 43/54 MP: 7/7
  3284 | D:5      | Noticed Prince Ribbit
  3482 | D:5      | Found Unulumu's Food Shoppe.
  3747 | D:5      | Noticed Eustachio
  3827 | D:5      | Killed Eustachio
  3827 | D:5      | Reached skill level 5 in Axes
  4037 | D:5      | Noticed Ymberto's ghost (novice HOFi)
  4180 | D:5      | Reached XP level 8. HP: 27/60 MP: 8/8
  4391 | D:5      | HP: 1/61 [Prince Ribbit (4)]
  4395 | D:4      | Slain by Prince Ribbit

Skill      XL: |  1  2  3  4  5  6  7 |
---------------+----------------------+-----
Axes           | 2 3 4 5 |  5.2
Armour         | 3 4 |  4.3
Dodging        | 1 |  1.7
Shields        | 3 4 |  4.1
Fighting       | 4 |  4.3
Stealth        | |  0.1

Action                   |  1- 3 |  4- 6 |  7- 9 || total
-------------------------+-------+-------+-------++-------
Melee: War axe           |   141 |   242 |   119 ||   502
  Use: Scroll            |       |     4 |     1 ||     5
Armor: Scale mail        |    81 |    92 |    55 ||   228
Dodge: Dodged            |    44 |    67 |    48 ||   159
Block: Shield            |    65 |   131 |    90 ||   286
